AoeStats
← 落花之情

Arena

504561167Analyzed
4v4 RM · 26d ago on Sep 5, 2026· 46m 24s· 8 players
Game mode
Random Map
Map size
Large (8 player)
Population
200
Speed
Normal
Resources
Standard
Victory
Conquest
Starting age
Dark Age
Ending age
Imperial Age
RankedLock teamsTeams togetherTeam positionsShared explorationLock speedFull tech treeHidden civsTurbo modeCheats
Victory
Defeat
🇨🇳 Bengalis · China
1616
+19
🇨🇳 Magyars · China
1589
+20
🇨🇳 Britons · China
1572
+21
🇨🇳 Khmer · China
1533
+22
🇮🇹 Vikings · Italy
1720
-23
🇮🇹 Ethiopians · Italy
1717
-22
🇨🇭 Huns · Switzerland
1677
-20
🇮🇹 Dravidians · Italy
1598
-17
落花之情
9:58 Feudal Age
14:09 Castle Age
12:32 Double-Bit Axe
12:47 Horse Collar
15:01 Bow Saw
21:38 Wheelbarrow
22:20 Heavy Plow
22:20 Gold Mining
23:12 Loom
23:45 Hand Cart
24:07 Gold Shaft Mining
23:27 Treadmill Crane
23:44 Stone Mining
28:00 Imperial Age
25:49 Fletching
26:21 Ballistics
26:25 Bodkin Arrow
26:50 Padded Archer Armor
28:13 Leather Archer Armor
28:09 Elite Longbowman
29:26 Conscription
29:12 Town Watch
29:51 Yeomen
30:49 Two-Man Saw
30:44 Conscription
31:01 Coinage
31:08 Ring Archer Armor
30:44 Bracer
32:10 Ring Archer Armor
32:13 Banking
32:49 Guilds
34:24 Chemistry
34:07 Warwolf
40:30 Hoardings
43:57 Masonry
43:56 Siege Engineers
44:02 Masonry
43:49 Murder Holes
45:30 Caravan
咸酸菜
10:51 Feudal Age
14:51 Castle Age
13:27 Double-Bit Axe
13:41 Horse Collar
15:05 Bloodlines
19:21 Scale Barding Armor
21:33 Loom
22:24 Wheelbarrow
23:44 Chain Barding Armor
25:19 Bow Saw
28:51 Gold Mining
30:03 Heavy Plow
32:19 Husbandry
33:23 Hand Cart
32:53 Town Watch
36:21 Imperial Age
34:17 Light Cavalry
36:29 Cavalier
36:36 Hussar
38:04 Plate Barding Armor
38:32 Coinage
38:10 Caravan
38:49 Gold Shaft Mining
38:07 Stone Mining
38:19 Paladin
42:03 Conscription
43:26 Banking
yuyuyuyuyu
10:24 Feudal Age
11:29 Double-Bit Axe
14:17 Castle Age
12:45 Horse Collar
15:32 Bow Saw
15:24 Heavy Plow
21:17 Wheelbarrow
24:51 Hand Cart
24:35 Gold Mining
24:36 Stone Mining
24:57 Loom
24:59 Town Watch
28:21 Imperial Age
25:48 Loom
25:48 Town Watch
26:47 Gold Shaft Mining
26:58 Fletching
27:31 Ballistics
27:34 Bodkin Arrow
28:20 Padded Archer Armor
29:24 Conscription
29:10 Paiks
28:29 Elite Elephant Archer
29:11 Bracer
30:12 Chemistry
28:53 Treadmill Crane
30:15 Two-Man Saw
29:57 Leather Archer Armor
30:04 Bloodlines
29:54 Husbandry
29:53 Stone Mining
31:02 Siege Engineers
32:03 Town Patrol
32:35 Ring Archer Armor
32:49 Coinage
32:32 Guilds
32:36 Siege Elephant
34:42 Banking
35:22 Crop Rotation
35:06 Masonry
36:55 Guard Tower
36:50 Arrowslits
37:36 Architecture
43:46 Keep
43:08 Murder Holes
43:23 Scale Mail Armor
43:29 Scale Barding Armor
43:34 Forging
44:19 Mahayana
45:44 Chain Barding Armor
46:38 Caravan
幸福人生
10:11 Feudal Age
12:58 Castle Age
11:28 Double-Bit Axe
11:56 Horse Collar
19:35 Wheelbarrow
19:37 Loom
31:27 Bow Saw
34:13 Heavy Plow
34:53 Gold Mining
35:39 Hand Cart
38:42 Gold Shaft Mining
41:47 Imperial Age
39:29 Husbandry
39:52 Light Cavalry
41:36 Bloodlines
41:32 Scale Barding Armor
41:57 Hussar
42:52 Forging
43:53 Chain Barding Armor
44:39 Iron Casting
45:33 Plate Barding Armor
46:51 Blast Furnace
GdR_Nataniele05
10:20 Feudal Age
13:58 Castle Age
12:31 Double-Bit Axe
12:26 Horse Collar
12:35 Horse Collar
14:32 Wheelbarrow
15:08 Bow Saw
20:08 Gold Mining
20:59 Scale Barding Armor
22:08 Chain Barding Armor
22:31 Bloodlines
22:28 Loom
23:20 Forging
26:22 Iron Casting
29:37 Husbandry
30:39 Hand Cart
32:38 Heavy Plow
36:34 Imperial Age
36:39 Cavalier
37:58 Plate Barding Armor
39:09 Blast Furnace
38:40 Light Cavalry
40:13 Hussar
MrDJM
10:58 Feudal Age
15:26 Castle Age
14:03 Double-Bit Axe
14:50 Loom
15:34 Horse Collar
16:24 Bow Saw
15:54 Horse Collar
20:55 Horse Collar
25:29 Heavy Plow
28:24 Fortified Wall
30:31 Gold Mining
33:15 Imperial Age
32:24 Gold Shaft Mining
33:49 Heavy Scorpion
34:07 Heavy Scorpion
35:49 Chemistry
35:10 Ballistics
35:45 Conscription
36:11 Siege Engineers
42:53 Caravan
Null
11:18 Feudal Age
12:11 Double-Bit Axe
14:49 Castle Age
12:52 Horse Collar
14:56 Light Cavalry
15:48 Bow Saw
18:22 Scale Barding Armor
25:00 Heavy Plow
25:46 Wheelbarrow
25:38 Gold Mining
25:39 Stone Mining
26:25 Loom
27:05 Hand Cart
31:16 Imperial Age
29:54 Squires
30:16 Fortified Wall
31:03 Scale Mail Armor
31:13 Forging
32:02 Torsion Engines
32:28 Conscription
31:49 Onager
32:51 Fletching
33:45 Siege Onager
35:01 Chain Mail Armor
35:42 Siege Engineers
36:15 Iron Casting
36:13 Plate Mail Armor
35:47 Halberdier
38:08 Chemistry
39:00 Iron Casting
39:37 Arson
40:52 Blast Furnace
41:10 Caravan
44:45 Guilds
Monesi28
10:54 Feudal Age
15:10 Castle Age
12:56 Horse Collar
13:02 Double-Bit Axe
16:15 Double-Bit Axe
17:23 Wheelbarrow
20:20 Loom
21:57 Gold Mining
22:39 Town Watch
24:52 Hand Cart
29:24 Imperial Age
27:11 Bow Saw
27:09 Heavy Plow
28:23 Fletching
29:54 Padded Archer Armor
29:49 Bodkin Arrow
30:21 Ballistics
29:39 Elite Elephant Archer
31:49 Bracer
32:57 Conscription
33:03 Thumb Ring
33:25 Bow Saw
33:57 Leather Archer Armor
34:03 Stone Mining
35:28 Chemistry
34:38 Masonry
35:14 Ring Archer Armor
34:09 Elite Skirmisher
36:41 Murder Holes
38:21 Two-Man Saw
41:09 Scale Mail Armor
41:17 Medical Corps
40:39 Pikeman
41:20 Squires
43:46 Chain Mail Armor
43:42 Forging
42:53 Halberdier
44:00 Caravan
45:15 Arson
46:01 Plate Mail Armor
Connection lost

Rejoining the realm…

Still unreachable

The connection could not be restored.

Session expired

The server has moved on; the page needs a fresh start.